[ AOE2 MATCH · #500026406 ]
UnrankedEthiopians vs Khitans
[ REPLAY ANALYSIS · EXTRACTED FROM THE RECORDED GAME ]
Feudal
8:51
Castle
22:32
Imperial
—
| APM avg | 64.9 |
| APM peak | 109 |
| eAPM avg | 24.0 |
| Villagers / military | 74 / 63 |
Focus
⚔️ 30.6% · 🌾 69.4%
Archer ×61 · Monk ×2
Feudal
9:05
Castle
29:25
Imperial
—
| APM avg | 51.0 |
| APM peak | 102 |
| eAPM avg | 26.3 |
| Villagers / military | 56 / 74 |
Focus
⚔️ 47.8% · 🌾 52.2%
Scout Cavalry ×74
Feudal
31:50
Castle
—
Imperial
—
| APM avg | 33.4 |
| APM peak | 97 |
| eAPM avg | 20.7 |
| Villagers / military | 94 / 0 |
Focus
⚔️ 25.4% · 🌾 74.6%
Feudal
9:14
Castle
20:40
Imperial
—
| APM avg | 57.5 |
| APM peak | 220 |
| eAPM avg | 28.1 |
| Villagers / military | 102 / 48 |
Focus
⚔️ 74.3% · 🌾 25.7%
Knight ×41 · Scout Cavalry ×7
Feudal
11:02
Castle
16:52
Imperial
—
| APM avg | 28.3 |
| APM peak | 88 |
| eAPM avg | 11.5 |
| Villagers / military | 57 / 46 |
Focus
⚔️ 22.7% · 🌾 77.3%
Arambai ×40 · Mangonel ×3 · Battering Ram ×2 · Knight ×1
Feudal
10:11
Castle
24:15
Imperial
—
| APM avg | 38.3 |
| APM peak | 82 |
| eAPM avg | 18.0 |
| Villagers / military | 74 / 92 |
Focus
⚔️ 22.9% · 🌾 77.1%
Knight ×47 · Scout Cavalry ×43 · Monk ×2
Feudal
10:13
Castle
26:40
Imperial
—
| APM avg | 34.4 |
| APM peak | 101 |
| eAPM avg | 18.8 |
| Villagers / military | 94 / 21 |
Focus
⚔️ 31.1% · 🌾 68.9%
Unknown (1944) ×27 · Scout Cavalry ×20 · Spearman ×1
Feudal
10:06
Castle
31:57
Imperial
—
| APM avg | 26.0 |
| APM peak | 85 |
| eAPM avg | 14.5 |
| Villagers / military | 98 / 42 |
Focus
⚔️ 32.2% · 🌾 67.8%
Archer ×41 · Spearman ×1
Match map
Initial resources + every placement click. Lines = walls · curves = elevation contours. ◆ gold · ⬟ stone · ● berries · ✦ relic · ◌ wall gap
Your base· ✓ Closed at 22:32 · 53t walls · 4 gate(s) · fragile
the_Mandalorian's base· ✓ Closed at 29:25 · 25t walls · 8 gate(s)
Aspirante's base· ✓ Closed at 32:58 · 57t walls · 2 gate(s)
Dadagama's base· ✓ Closed at 20:40 · 0t walls · 2 gate(s) · fragile
TimewornFish891's base· Open — 3t gap
HIX | Milongo's base· ✓ Closed at 24:15 · 0t walls · 2 gate(s) · fragile
damiansima's base· ✓ Closed at 26:40 · 19t walls · 2 gate(s)
Codiman's base· ✓ Closed at 31:57 · 0t walls · 3 gate(s) · fragile
Smoothed initial terrain · ◌ = detected wall gap · hover for details
Inputs per minute
— .Bast - - the_Mandalorian
Build order — .Bast
First 150 of 223 actions detected
| 0:01 | Queue | Villager (Male) |
| 0:02 | Build | House |
| 0:04 | Build | House |
| 0:04 | Queue | Villager (Male) |
| 0:04 | Queue | Villager (Male) |
| 0:14 | Queue | Villager (Male) |
| 0:14 | Queue | Villager (Male) |
| 1:23 | Queue | Villager (Male) |
| 1:23 | Queue | Villager (Male) |
| 1:45 | Build | Lumber Camp |
| 1:49 | Queue | Villager (Male) |
| 1:49 | Queue | Villager (Male) |
| 2:20 | Queue | Villager (Male) |
| 2:48 | Queue | Villager (Male) |
| 3:16 | Queue | Villager (Male) |
| 3:16 | Queue | Villager (Male) |
| 3:16 | Queue | Villager (Male) |
| 3:25 | Build | House |
| 3:35 | Queue | Villager (Male) |
| 4:08 | Queue | Villager (Male) |
| 4:09 | Queue | Villager (Male) |
| 4:27 | Queue | Villager (Male) |
| 4:27 | Queue | Villager (Male) |
| 5:29 | Build | Mining Camp |
| 5:37 | Queue | Villager (Male) |
| 5:48 | Research | Loom |
| 6:38 | Research | Feudal Age |
| 7:27 | Build | Barracks |
| 8:00 | Build | House |
| 8:04 | Queue | Villager (Male) |
| 8:04 | Queue | Villager (Male) |
| 8:51 | Age | Feudal Age |
| 8:56 | Build | Archery Range |
| 9:01 | Queue | Villager (Male) |
| 9:08 | Build | Archery Range |
| 9:11 | Queue | Villager (Male) |
| 9:29 | Queue | Villager (Male) |
| 9:37 | Build | House |
| 9:58 | Queue | Archer |
| 9:58 | Queue | Archer |
| 9:58 | Queue | Archer |
| 9:59 | Queue | Villager (Male) |
| 10:02 | Queue | Archer |
| 10:31 | Build | Mill |
| 10:32 | Queue | Villager (Male) |
| 10:33 | Queue | Archer |
| 10:44 | Queue | Villager (Male) |
| 10:59 | Build | House |
| 11:09 | Queue | Archer |
| 11:09 | Queue | Archer |
| 11:10 | Queue | Villager (Male) |
| 11:28 | Build | House |
| 12:06 | Build | Blacksmith |
| 12:23 | Queue | Villager (Male) |
| 12:40 | Queue | Archer |
| 12:40 | Queue | Archer |
| 12:45 | Build | Palisade Gate |
| 12:49 | Build | Palisade Wall |
| 13:01 | Build | Farm |
| 13:17 | Queue | Villager (Male) |
| 13:17 | Queue | Villager (Male) |
| 13:21 | Queue | Archer |
| 13:45 | Build | House |
| 13:51 | Build | Farm |
| 14:02 | Queue | Villager (Male) |
| 14:03 | Queue | Villager (Male) |
| 14:06 | Build | Farm |
| 14:24 | Queue | Archer |
| 14:25 | Queue | Archer |
| 14:31 | Build | Farm |
| 14:34 | Build | Farm |
| 14:41 | Queue | Villager (Male) |
| 14:47 | Build | Farm |
| 15:04 | Build | House |
| 15:14 | Queue | Villager (Male) |
| 15:18 | Build | Farm |
| 15:20 | Build | Farm |
| 15:33 | Queue | Villager (Male) |
| 15:37 | Build | Farm |
| 15:39 | Build | Farm |
| 15:52 | Build | House |
| 15:57 | Queue | Villager (Male) |
| 16:06 | Queue | Villager (Male) |
| 16:16 | Build | Market |
| 16:20 | Queue | Villager (Male) |
| 16:51 | Queue | Archer |
| 16:51 | Queue | Archer |
| 16:52 | Queue | Villager (Male) |
| 16:57 | Build | House |
| 16:58 | Build | House |
| 17:00 | Queue | Villager (Male) |
| 17:11 | Build | Stone Wall |
| 17:14 | Build | Stone Wall |
| 17:40 | Queue | Villager (Male) |
| 17:49 | Build | House |
| 17:53 | Queue | Archer |
| 17:53 | Queue | Archer |
| 17:53 | Queue | Villager (Male) |
| 18:10 | Build | Farm |
| 18:13 | Build | Farm |
| 18:33 | Queue | Villager (Male) |
| 18:38 | Queue | Villager (Male) |
| 18:44 | Queue | Archer |
| 18:44 | Queue | Archer |
| 18:45 | Queue | Villager (Male) |
| 18:58 | Queue | Archer |
| 18:58 | Queue | Archer |
| 18:59 | Queue | Villager (Male) |
| 19:26 | Research | Man-at-Arms (upgrade) |
| 19:44 | Research | Horse Collar |
| 19:52 | Research | Castle Age |
| 20:18 | Queue | Villager (Male) |
| 20:21 | Build | Farm |
| 20:23 | Research | Double-Bit Axe |
| 20:45 | Queue | Villager (Male) |
| 20:46 | Queue | Archer |
| 20:46 | Queue | Archer |
| 20:53 | Research | Gold Mining |
| 20:58 | Build | Lumber Camp |
| 21:10 | Queue | Archer |
| 21:10 | Queue | Archer |
| 21:14 | Research | Fletching |
| 21:19 | Research | Horse Collar |
| 21:44 | Queue | Archer |
| 21:44 | Queue | Archer |
| 22:14 | Queue | Archer |
| 22:14 | Queue | Archer |
| 22:27 | Build | Gate |
| 22:32 | Age | Castle Age |
| 22:36 | Research | Bodkin Arrow |
| 22:37 | Research | Crossbowman (upgrade) |
| 22:49 | Queue | Villager (Male) |
| 23:00 | Build | University |
| 23:11 | Queue | Archer |
| 23:11 | Queue | Archer |
| 23:14 | Queue | Villager (Male) |
| 23:25 | Research | Padded Archer Armor |
| 23:41 | Queue | Villager (Male) |
| 23:57 | Research | Ballistics |
| 24:40 | Research | Leather Archer Armor |
| 24:41 | Queue | Villager (Male) |
| 25:05 | Queue | Archer |
| 25:06 | Queue | Archer |
| 25:06 | Queue | Archer |
| 25:06 | Queue | Villager (Male) |
| 25:09 | Build | Archery Range |
| 25:19 | Queue | Archer |
| 25:19 | Queue | Villager (Male) |
| 25:20 | Queue | Villager (Male) |
| 25:31 | Build | Farm |
Build order — the_Mandalorian
First 150 of 207 actions detected
| 0:01 | Queue | Villager (Male) |
| 0:01 | Queue | Villager (Male) |
| 0:03 | Build | House |
| 0:05 | Build | House |
| 0:16 | Queue | Villager (Male) |
| 0:37 | Queue | Villager (Male) |
| 1:18 | Queue | Villager (Male) |
| 1:50 | Build | Lumber Camp |
| 1:51 | Queue | Villager (Male) |
| 2:26 | Queue | Villager (Male) |
| 2:44 | Queue | Villager (Male) |
| 3:06 | Queue | Villager (Male) |
| 3:29 | Build | House |
| 3:30 | Build | House |
| 3:40 | Queue | Villager (Male) |
| 3:57 | Queue | Villager (Male) |
| 4:20 | Queue | Villager (Male) |
| 4:22 | Queue | Villager (Male) |
| 4:41 | Queue | Villager (Male) |
| 5:11 | Queue | Villager (Male) |
| 5:23 | Queue | Villager (Male) |
| 5:48 | Build | Mill |
| 6:10 | Research | Loom |
| 6:10 | Research | Loom |
| 6:38 | Queue | Villager (Male) |
| 6:55 | Research | Feudal Age |
| 6:55 | Research | Feudal Age |
| 6:56 | Research | Feudal Age |
| 7:27 | Build | Barracks |
| 8:33 | Build | Palisade Gate |
| 9:05 | Age | Feudal Age |
| 9:09 | Build | Stable |
| 9:11 | Queue | Villager (Male) |
| 9:28 | Queue | Villager (Male) |
| 9:52 | Queue | Villager (Male) |
| 9:56 | Queue | Scout Cavalry |
| 9:56 | Queue | Scout Cavalry |
| 9:56 | Queue | Scout Cavalry |
| 9:58 | Queue | Scout Cavalry |
| 10:23 | Queue | Villager (Male) |
| 10:27 | Build | Blacksmith |
| 10:38 | Queue | Villager (Male) |
| 10:47 | Build | House |
| 10:50 | Build | House |
| 11:11 | Build | Pasture |
| 11:21 | Research | Forging |
| 11:23 | Queue | Scout Cavalry |
| 11:39 | Build | Pasture |
| 11:43 | Queue | Villager (Male) |
| 11:50 | Build | House |
| 11:51 | Build | House |
| 12:29 | Build | Pasture |
| 12:45 | Queue | Scout Cavalry |
| 12:45 | Queue | Scout Cavalry |
| 13:04 | Build | Stone Wall |
| 13:14 | Build | Gate |
| 13:20 | Build | Gate |
| 13:25 | Build | Gate |
| 13:26 | Queue | Villager (Male) |
| 13:30 | Build | Mining Camp |
| 13:34 | Build | Pasture |
| 13:54 | Queue | Villager (Male) |
| 13:59 | Build | Pasture |
| 14:03 | Build | Pasture |
| 14:14 | Queue | Villager (Male) |
| 14:18 | Build | Pasture |
| 14:30 | Build | Pasture |
| 14:30 | Build | Pasture |
| 14:33 | Build | Pasture |
| 14:40 | Queue | Scout Cavalry |
| 14:40 | Queue | Scout Cavalry |
| 14:46 | Queue | Villager (Male) |
| 14:58 | Build | Pasture |
| 15:04 | Queue | Scout Cavalry |
| 15:14 | Queue | Villager (Male) |
| 15:21 | Queue | Scout Cavalry |
| 15:38 | Build | Stone Wall |
| 15:41 | Queue | Scout Cavalry |
| 15:50 | Queue | Villager (Male) |
| 15:53 | Research | Double-Bit Axe |
| 15:53 | Research | Double-Bit Axe |
| 16:06 | Queue | Scout Cavalry |
| 16:11 | Queue | Villager (Male) |
| 16:49 | Queue | Scout Cavalry |
| 16:51 | Queue | Villager (Male) |
| 16:59 | Build | Stable |
| 17:06 | Queue | Scout Cavalry |
| 17:16 | Queue | Villager (Male) |
| 17:23 | Queue | Scout Cavalry |
| 17:32 | Queue | Scout Cavalry |
| 17:37 | Queue | Villager (Male) |
| 17:46 | Queue | Scout Cavalry |
| 17:55 | Queue | Villager (Male) |
| 18:03 | Research | Tech 1014 |
| 18:07 | Queue | Scout Cavalry |
| 18:08 | Queue | Scout Cavalry |
| 18:12 | Build | House |
| 18:13 | Build | House |
| 18:16 | Build | Palisade Gate |
| 18:28 | Queue | Scout Cavalry |
| 18:28 | Queue | Scout Cavalry |
| 18:30 | Queue | Villager (Male) |
| 18:34 | Build | House |
| 18:40 | Build | House |
| 18:42 | Build | House |
| 18:46 | Build | House |
| 18:48 | Build | House |
| 18:58 | Queue | Scout Cavalry |
| 18:58 | Queue | Scout Cavalry |
| 19:13 | Queue | Scout Cavalry |
| 19:13 | Queue | Scout Cavalry |
| 19:31 | Queue | Scout Cavalry |
| 19:31 | Queue | Scout Cavalry |
| 19:48 | Queue | Scout Cavalry |
| 19:48 | Queue | Scout Cavalry |
| 19:51 | Build | Stable |
| 20:08 | Queue | Villager (Male) |
| 20:18 | Queue | Scout Cavalry |
| 20:22 | Build | Pasture |
| 20:45 | Queue | Villager (Male) |
| 20:59 | Queue | Villager (Male) |
| 21:09 | Build | Mining Camp |
| 21:22 | Research | Scale Barding Armor |
| 21:27 | Queue | Villager (Male) |
| 21:44 | Queue | Villager (Male) |
| 21:47 | Queue | Villager (Male) |
| 21:52 | Build | Lumber Camp |
| 22:03 | Queue | Villager (Male) |
| 22:33 | Queue | Scout Cavalry |
| 22:33 | Queue | Scout Cavalry |
| 22:34 | Queue | Scout Cavalry |
| 22:57 | Queue | Scout Cavalry |
| 22:58 | Queue | Scout Cavalry |
| 23:03 | Queue | Scout Cavalry |
| 23:05 | Queue | Villager (Male) |
| 23:31 | Queue | Scout Cavalry |
| 23:31 | Queue | Scout Cavalry |
| 23:32 | Queue | Scout Cavalry |
| 23:32 | Queue | Scout Cavalry |
| 23:37 | Queue | Scout Cavalry |
| 23:37 | Queue | Scout Cavalry |
| 23:51 | Queue | Scout Cavalry |
| 23:51 | Queue | Scout Cavalry |
| 23:54 | Queue | Villager (Male) |
| 24:07 | Queue | Scout Cavalry |
| 24:07 | Queue | Scout Cavalry |
| 24:20 | Queue | Scout Cavalry |
| 24:25 | Queue | Villager (Male) |
| 24:30 | Build | Pasture |
| 24:30 | Build | Pasture |
Build order — Aspirante
First 150 of 160 actions detected
| 0:01 | Queue | Villager (Male) |
| 0:01 | Queue | Villager (Male) |
| 0:02 | Queue | Villager (Male) |
| 0:03 | Build | House |
| 0:04 | Build | House |
| 0:12 | Queue | Villager (Male) |
| 0:12 | Queue | Villager (Male) |
| 1:37 | Queue | Villager (Male) |
| 2:05 | Queue | Villager (Male) |
| 2:05 | Queue | Villager (Male) |
| 2:05 | Queue | Villager (Male) |
| 2:29 | Queue | Villager (Male) |
| 2:46 | Queue | Villager (Male) |
| 2:46 | Queue | Villager (Male) |
| 2:53 | Build | Lumber Camp |
| 3:17 | Queue | Villager (Male) |
| 3:17 | Queue | Villager (Male) |
| 3:18 | Queue | Villager (Male) |
| 4:14 | Queue | Villager (Male) |
| 4:14 | Queue | Villager (Male) |
| 4:14 | Queue | Villager (Male) |
| 4:39 | Queue | Villager (Male) |
| 4:39 | Queue | Villager (Male) |
| 4:40 | Queue | Villager (Male) |
| 4:42 | Build | House |
| 4:51 | Research | Loom |
| 4:52 | Queue | Villager (Male) |
| 4:52 | Queue | Villager (Male) |
| 4:52 | Queue | Villager (Male) |
| 4:53 | Queue | Villager (Male) |
| 4:53 | Queue | Villager (Male) |
| 5:52 | Queue | Villager (Male) |
| 5:52 | Queue | Villager (Male) |
| 6:04 | Queue | Villager (Male) |
| 6:04 | Queue | Villager (Male) |
| 6:06 | Build | House |
| 6:19 | Queue | Villager (Male) |
| 6:19 | Queue | Villager (Male) |
| 6:35 | Build | Mill |
| 7:12 | Queue | Villager (Male) |
| 7:12 | Queue | Villager (Male) |
| 7:12 | Queue | Villager (Male) |
| 7:13 | Queue | Villager (Male) |
| 7:13 | Queue | Villager (Male) |
| 7:50 | Queue | Villager (Male) |
| 7:50 | Queue | Villager (Male) |
| 8:06 | Build | Town Center |
| 8:14 | Build | Town Center |
| 8:47 | Queue | Villager (Male) |
| 8:48 | Queue | Villager (Male) |
| 8:48 | Queue | Villager (Male) |
| 8:52 | Queue | Villager (Male) |
| 8:53 | Queue | Villager (Male) |
| 8:57 | Queue | Villager (Male) |
| 9:27 | Queue | Villager (Male) |
| 9:28 | Queue | Villager (Male) |
| 10:30 | Build | House |
| 10:32 | Build | Palisade Wall |
| 10:34 | Build | Palisade Wall |
| 10:43 | Build | Palisade Wall |
| 11:03 | Queue | Villager (Male) |
| 11:03 | Queue | Villager (Male) |
| 11:04 | Queue | Villager (Male) |
| 11:08 | Queue | Villager (Male) |
| 11:08 | Queue | Villager (Male) |
| 11:08 | Queue | Villager (Male) |
| 11:21 | Build | Lumber Camp |
| 11:39 | Build | Palisade Wall |
| 12:17 | Build | Town Center |
| 12:38 | Build | Palisade Wall |
| 12:54 | Queue | Villager (Male) |
| 12:54 | Queue | Villager (Male) |
| 12:54 | Queue | Villager (Male) |
| 13:00 | Build | House |
| 13:28 | Queue | Villager (Male) |
| 13:29 | Queue | Villager (Male) |
| 14:13 | Build | Town Center |
| 14:53 | Queue | Villager (Male) |
| 14:54 | Queue | Villager (Male) |
| 16:35 | Queue | Villager (Male) |
| 16:35 | Queue | Villager (Male) |
| 17:01 | Queue | Villager (Male) |
| 17:01 | Queue | Villager (Male) |
| 17:02 | Queue | Villager (Male) |
| 17:19 | Queue | Villager (Male) |
| 17:27 | Build | House |
| 17:44 | Queue | Villager (Male) |
| 17:44 | Queue | Villager (Male) |
| 17:57 | Build | Lumber Camp |
| 18:01 | Build | Palisade Wall |
| 18:04 | Build | Palisade Wall |
| 18:10 | Build | Mining Camp |
| 18:12 | Queue | Villager (Male) |
| 18:12 | Queue | Villager (Male) |
| 18:31 | Queue | Villager (Male) |
| 18:32 | Queue | Villager (Male) |
| 18:59 | Queue | Villager (Male) |
| 18:59 | Queue | Villager (Male) |
| 19:20 | Build | Mill |
| 19:21 | Build | Farm |
| 19:22 | Build | Farm |
| 19:24 | Build | Farm |
| 19:26 | Build | Farm |
| 19:34 | Queue | Villager (Male) |
| 19:34 | Queue | Villager (Male) |
| 19:34 | Queue | Villager (Male) |
| 20:04 | Build | Palisade Wall |
| 20:11 | Queue | Villager (Male) |
| 20:40 | Build | Palisade Wall |
| 20:42 | Build | Palisade Wall |
| 20:44 | Build | Palisade Wall |
| 20:56 | Queue | Villager (Male) |
| 21:00 | Build | House |
| 21:52 | Build | House |
| 22:06 | Queue | Villager (Male) |
| 22:06 | Queue | Villager (Male) |
| 22:07 | Queue | Villager (Male) |
| 22:22 | Build | House |
| 22:25 | Build | House |
| 22:43 | Queue | Villager (Male) |
| 22:44 | Queue | Villager (Male) |
| 22:44 | Queue | Villager (Male) |
| 24:07 | Build | Town Center |
| 25:00 | Build | Town Center |
| 25:17 | Build | House |
| 25:28 | Build | Lumber Camp |
| 25:39 | Queue | Villager (Male) |
| 25:40 | Queue | Villager (Male) |
| 25:40 | Queue | Villager (Male) |
| 25:46 | Build | Farm |
| 25:48 | Build | Farm |
| 25:50 | Build | Farm |
| 25:51 | Build | Farm |
| 26:10 | Build | Mining Camp |
| 26:18 | Build | Farm |
| 26:21 | Build | Farm |
| 26:22 | Build | Farm |
| 26:23 | Queue | Villager (Male) |
| 26:50 | Build | Farm |
| 26:52 | Queue | Villager (Male) |
| 27:04 | Build | Farm |
| 27:25 | Build | Farm |
| 27:39 | Build | Mining Camp |
| 27:51 | Queue | Villager (Male) |
| 28:27 | Build | House |
| 28:36 | Build | Palisade Wall |
| 28:48 | Queue | Villager (Male) |
| 29:15 | Build | Palisade Wall |
| 29:18 | Build | Palisade Wall |
| 29:26 | Build | House |
Build order — Dadagama
First 150 of 193 actions detected
| 0:00 | Queue | Villager (Male) |
| 0:01 | Queue | Villager (Male) |
| 0:01 | Queue | Villager (Male) |
| 0:01 | Queue | Villager (Male) |
| 0:03 | Build | House |
| 0:05 | Build | House |
| 0:24 | Queue | Villager (Male) |
| 0:25 | Queue | Villager (Male) |
| 1:34 | Queue | Villager (Male) |
| 1:35 | Queue | Villager (Male) |
| 2:04 | Queue | Villager (Male) |
| 2:04 | Queue | Villager (Male) |
| 2:07 | Build | Lumber Camp |
| 2:17 | Queue | Villager (Male) |
| 2:18 | Queue | Villager (Male) |
| 2:45 | Queue | Villager (Male) |
| 2:56 | Queue | Villager (Male) |
| 2:56 | Queue | Villager (Male) |
| 3:19 | Build | House |
| 3:20 | Build | House |
| 3:31 | Queue | Villager (Male) |
| 3:31 | Queue | Villager (Male) |
| 3:39 | Queue | Villager (Male) |
| 3:40 | Queue | Villager (Male) |
| 4:16 | Queue | Villager (Male) |
| 4:17 | Queue | Villager (Male) |
| 4:31 | Build | Mill |
| 4:50 | Queue | Villager (Male) |
| 4:51 | Queue | Villager (Male) |
| 5:27 | Queue | Villager (Male) |
| 6:05 | Queue | Villager (Male) |
| 6:06 | Research | Loom |
| 6:56 | Research | Feudal Age |
| 7:21 | Build | Barracks |
| 7:23 | Build | House |
| 8:07 | Queue | Villager (Male) |
| 8:07 | Queue | Villager (Male) |
| 9:14 | Age | Feudal Age |
| 9:20 | Build | Stable |
| 9:24 | Research | Double-Bit Axe |
| 9:35 | Build | Blacksmith |
| 9:39 | Queue | Villager (Male) |
| 9:39 | Queue | Villager (Male) |
| 10:01 | Queue | Scout Cavalry |
| 10:02 | Queue | Scout Cavalry |
| 10:02 | Queue | Scout Cavalry |
| 10:02 | Queue | Scout Cavalry |
| 10:10 | Build | House |
| 10:11 | Build | House |
| 10:14 | Queue | Villager (Male) |
| 10:17 | Build | Farm |
| 10:26 | Research | Scale Barding Armor |
| 10:39 | Build | Farm |
| 10:42 | Build | Farm |
| 10:55 | Queue | Villager (Male) |
| 10:57 | Build | Farm |
| 11:06 | Build | House |
| 11:40 | Queue | Villager (Male) |
| 11:41 | Queue | Scout Cavalry |
| 11:41 | Queue | Scout Cavalry |
| 11:52 | Build | Farm |
| 11:55 | Build | Farm |
| 11:57 | Build | Farm |
| 12:01 | Queue | Villager (Male) |
| 12:09 | Build | House |
| 12:10 | Build | House |
| 12:41 | Queue | Villager (Male) |
| 12:43 | Queue | Scout Cavalry |
| 12:58 | Queue | Villager (Male) |
| 13:11 | Research | Forging |
| 13:13 | Build | Farm |
| 13:13 | Build | Farm |
| 13:14 | Build | Farm |
| 13:14 | Build | Farm |
| 13:14 | Build | Farm |
| 13:14 | Build | Farm |
| 13:15 | Build | Farm |
| 13:15 | Build | Farm |
| 13:15 | Build | Farm |
| 13:22 | Queue | Villager (Male) |
| 13:32 | Build | Farm |
| 15:03 | Queue | Villager (Male) |
| 15:03 | Queue | Villager (Male) |
| 15:46 | Queue | Villager (Male) |
| 15:47 | Build | Farm |
| 15:48 | Build | Farm |
| 15:48 | Build | Farm |
| 15:48 | Build | Farm |
| 15:48 | Build | Farm |
| 15:49 | Build | Farm |
| 15:49 | Build | Farm |
| 15:50 | Queue | Villager (Male) |
| 15:50 | Queue | Villager (Male) |
| 15:56 | Build | Mining Camp |
| 17:11 | Queue | Villager (Male) |
| 17:11 | Queue | Villager (Male) |
| 18:00 | Build | Farm |
| 18:01 | Build | Farm |
| 18:01 | Build | Farm |
| 18:01 | Build | Farm |
| 18:03 | Research | Horse Collar |
| 18:09 | Build | Farm |
| 18:14 | Research | Castle Age |
| 18:29 | Build | Stable |
| 19:23 | Research | Bloodlines |
| 19:24 | Queue | Villager (Male) |
| 19:24 | Queue | Villager (Male) |
| 19:27 | Research | Gold Mining |
| 19:43 | Queue | Villager (Male) |
| 19:43 | Queue | Villager (Male) |
| 20:40 | Age | Castle Age |
| 20:44 | Queue | Knight ×3 |
| 20:53 | Queue | Villager (Male) |
| 21:06 | Queue | Knight |
| 21:25 | Queue | Knight |
| 22:04 | Queue | Knight ×2 |
| 22:21 | Queue | Villager (Male) |
| 22:30 | Queue | Knight |
| 22:42 | Build | Town Center |
| 22:48 | Queue | Villager (Male) |
| 22:48 | Queue | Villager (Male) |
| 22:50 | Queue | Knight |
| 23:21 | Build | Stone Wall |
| 23:26 | Queue | Knight |
| 23:28 | Queue | Villager (Male) |
| 23:28 | Queue | Villager (Male) |
| 23:35 | Build | Farm |
| 23:41 | Build | House |
| 23:46 | Build | House |
| 23:58 | Queue | Villager (Male) ×5 |
| 24:27 | Queue | Knight |
| 24:42 | Queue | Knight |
| 25:05 | Queue | Knight |
| 25:07 | Queue | Villager (Male) ×5 |
| 25:09 | Queue | Villager (Male) ×5 |
| 25:18 | Queue | Knight |
| 25:29 | Build | House |
| 25:31 | Build | House |
| 25:34 | Build | House |
| 25:36 | Research | Gold Shaft Mining |
| 25:38 | Queue | Villager (Male) ×5 |
| 25:43 | Research | Husbandry |
| 25:44 | Queue | Knight |
| 25:49 | Build | Stable |
| 25:57 | Queue | Knight |
| 26:20 | Queue | Knight |
| 26:27 | Research | Chain Barding Armor |
| 26:29 | Queue | Villager (Male) ×4 |
| 26:35 | Build | Farm |
| 26:35 | Build | Farm |
Build order — TimewornFish891
First 150 of 157 actions detected
| 0:01 | Queue | Villager (Male) |
| 0:01 | Queue | Villager (Male) |
| 0:01 | Queue | Villager (Male) |
| 0:02 | Build | House |
| 0:04 | Build | House |
| 0:04 | Queue | Villager (Male) |
| 0:04 | Queue | Villager (Male) |
| 1:33 | Queue | Villager (Male) |
| 1:45 | Build | Lumber Camp |
| 2:01 | Queue | Villager (Male) |
| 2:01 | Queue | Villager (Male) |
| 2:27 | Queue | Villager (Male) |
| 2:27 | Queue | Villager (Male) |
| 2:27 | Queue | Villager (Male) |
| 2:53 | Queue | Villager (Male) |
| 2:53 | Queue | Villager (Male) |
| 3:24 | Queue | Villager (Male) |
| 3:24 | Queue | Villager (Male) |
| 3:59 | Queue | Villager (Male) |
| 4:00 | Queue | Villager (Male) |
| 4:02 | Build | House |
| 4:04 | Build | Palisade Wall |
| 4:05 | Build | Palisade Wall |
| 4:06 | Build | Palisade Wall |
| 4:51 | Build | Mining Camp |
| 5:03 | Queue | Villager (Male) |
| 5:03 | Queue | Villager (Male) |
| 5:04 | Queue | Villager (Male) |
| 5:10 | Build | House |
| 5:11 | Build | Palisade Wall |
| 5:12 | Build | Palisade Wall |
| 5:58 | Queue | Villager (Male) |
| 6:09 | Build | House |
| 6:11 | Build | Palisade Wall |
| 6:37 | Queue | Villager (Male) |
| 6:37 | Queue | Villager (Male) |
| 7:33 | Queue | Villager (Male) |
| 7:46 | Build | Mining Camp |
| 8:02 | Queue | Villager (Male) |
| 8:04 | Queue | Villager (Male) |
| 8:05 | Research | Loom |
| 8:30 | Build | Mill |
| 8:40 | Research | Feudal Age |
| 9:20 | Build | Farm |
| 9:25 | Build | House |
| 9:32 | Build | Farm |
| 10:11 | Build | Farm |
| 10:38 | Queue | Villager (Male) |
| 11:02 | Age | Feudal Age |
| 11:23 | Build | Market |
| 11:28 | Queue | Villager (Male) |
| 11:58 | Queue | Villager (Male) |
| 12:14 | Build | Farm |
| 12:35 | Build | House |
| 12:40 | Build | Farm |
| 12:41 | Build | Farm |
| 13:18 | Queue | Villager (Male) |
| 13:34 | Build | Blacksmith |
| 13:47 | Queue | Villager (Male) |
| 14:09 | Research | Castle Age |
| 14:21 | Build | Barracks |
| 14:57 | Research | Padded Archer Armor |
| 15:29 | Build | Lumber Camp |
| 15:43 | Build | Stable |
| 16:18 | Research | Gold Mining |
| 16:19 | Queue | Villager (Male) |
| 16:52 | Age | Castle Age |
| 17:02 | Build | Castle |
| 17:12 | Queue | Villager (Male) |
| 17:38 | Queue | Villager (Male) |
| 18:03 | Queue | Villager (Male) |
| 18:16 | Queue | Arambai |
| 18:16 | Queue | Arambai |
| 18:16 | Queue | Arambai |
| 18:31 | Research | Husbandry |
| 18:40 | Queue | Arambai |
| 18:59 | Queue | Villager (Male) |
| 19:08 | Queue | Arambai |
| 19:13 | Queue | Villager (Male) |
| 19:27 | Queue | Arambai |
| 19:30 | Queue | Arambai |
| 19:36 | Research | Horse Collar |
| 19:41 | Queue | Arambai |
| 19:41 | Queue | Arambai |
| 19:50 | Queue | Villager (Male) |
| 20:11 | Queue | Arambai |
| 20:15 | Queue | Knight |
| 20:36 | Queue | Villager (Male) |
| 20:50 | Queue | Arambai |
| 20:50 | Queue | Arambai |
| 21:26 | Queue | Arambai |
| 21:27 | Queue | Villager (Male) |
| 21:27 | Queue | Villager (Male) |
| 21:28 | Queue | Arambai |
| 21:38 | Build | Siege Workshop |
| 21:50 | Queue | Arambai |
| 21:51 | Queue | Villager (Male) |
| 22:09 | Queue | Arambai |
| 22:10 | Queue | Villager (Male) |
| 22:27 | Queue | Battering Ram |
| 22:43 | Queue | Arambai |
| 22:52 | Queue | Villager (Male) |
| 22:59 | Queue | Battering Ram |
| 23:17 | Queue | Arambai |
| 23:17 | Queue | Arambai |
| 23:22 | Build | House |
| 23:23 | Build | House |
| 23:53 | Queue | Villager (Male) |
| 23:53 | Queue | Villager (Male) |
| 24:02 | Build | House |
| 24:43 | Queue | Arambai |
| 24:44 | Queue | Arambai |
| 24:44 | Queue | Arambai |
| 24:59 | Queue | Arambai |
| 24:59 | Queue | Arambai |
| 25:11 | Queue | Villager (Male) |
| 25:12 | Queue | Villager (Male) |
| 25:22 | Build | House |
| 25:29 | Queue | Arambai |
| 25:38 | Queue | Mangonel |
| 25:41 | Queue | Villager (Male) |
| 25:46 | Build | House |
| 26:22 | Queue | Arambai |
| 26:27 | Queue | Villager (Male) |
| 26:33 | Build | Lumber Camp |
| 26:59 | Queue | Arambai |
| 26:59 | Queue | Arambai |
| 27:06 | Queue | Mangonel |
| 27:08 | Queue | Arambai |
| 27:08 | Queue | Arambai |
| 27:13 | Build | House |
| 27:15 | Queue | Villager (Male) |
| 27:15 | Queue | Villager (Male) |
| 27:30 | Queue | Arambai |
| 27:31 | Queue | Villager (Male) |
| 27:36 | Build | House |
| 27:37 | Build | House |
| 27:43 | Queue | Mangonel |
| 28:09 | Queue | Arambai |
| 28:09 | Queue | Arambai |
| 28:29 | Queue | Arambai |
| 28:29 | Queue | Arambai |
| 28:42 | Queue | Arambai |
| 28:42 | Queue | Arambai |
| 28:43 | Queue | Villager (Male) |
| 28:44 | Queue | Villager (Male) |
| 28:44 | Queue | Villager (Male) |
| 29:29 | Queue | Arambai |
| 29:29 | Queue | Arambai |
| 29:30 | Queue | Villager (Male) |
Build order — HIX | Milongo
First 150 of 233 actions detected
| 0:01 | Queue | Villager (Male) |
| 0:02 | Build | House |
| 0:04 | Build | House |
| 0:08 | Queue | Villager (Male) ×3 |
| 1:33 | Queue | Villager (Male) |
| 2:01 | Queue | Villager (Male) |
| 2:01 | Queue | Villager (Male) |
| 2:09 | Build | Lumber Camp |
| 2:16 | Queue | Villager (Male) |
| 2:43 | Queue | Villager (Male) |
| 3:26 | Queue | Villager (Male) ×2 |
| 3:39 | Build | House |
| 3:40 | Build | House |
| 4:13 | Queue | Villager (Male) ×3 |
| 4:24 | Queue | Villager (Male) |
| 4:53 | Build | House |
| 5:09 | Queue | Villager (Male) ×2 |
| 5:57 | Build | Mill |
| 6:42 | Queue | Villager (Male) |
| 7:10 | Queue | Villager (Male) |
| 7:34 | Research | Loom |
| 7:42 | Research | Feudal Age |
| 8:24 | Queue | Villager (Male) |
| 8:37 | Build | Farm |
| 9:15 | Build | Farm |
| 9:18 | Build | Farm |
| 9:24 | Build | Lumber Camp |
| 10:11 | Queue | Villager (Male) |
| 10:11 | Age | Feudal Age |
| 10:16 | Build | Stable |
| 10:19 | Research | Double-Bit Axe |
| 10:20 | Research | Horse Collar |
| 10:21 | Queue | Villager (Male) |
| 10:43 | Build | Farm |
| 10:45 | Build | Farm |
| 10:53 | Queue | Scout Cavalry |
| 11:08 | Queue | Villager (Male) |
| 11:09 | Research | Town Watch |
| 11:22 | Queue | Scout Cavalry |
| 11:40 | Build | Farm |
| 11:50 | Queue | Scout Cavalry |
| 12:07 | Queue | Villager (Male) |
| 12:10 | Build | Farm |
| 12:28 | Build | House |
| 12:31 | Build | House |
| 12:34 | Queue | Villager (Male) |
| 13:16 | Queue | Scout Cavalry |
| 13:16 | Queue | Scout Cavalry |
| 13:23 | Build | Farm |
| 13:23 | Build | Farm |
| 13:23 | Build | Farm |
| 13:23 | Build | Farm |
| 13:53 | Queue | Villager (Male) |
| 13:57 | Queue | Villager (Male) |
| 14:03 | Build | Farm |
| 14:08 | Build | Market |
| 14:25 | Queue | Scout Cavalry |
| 14:27 | Queue | Scout Cavalry |
| 14:31 | Build | Farm |
| 14:32 | Build | Farm |
| 14:32 | Build | Farm |
| 14:32 | Build | Farm |
| 14:32 | Build | Farm |
| 14:44 | Queue | Villager (Male) |
| 14:49 | Build | Farm |
| 14:50 | Build | Farm |
| 14:50 | Build | Farm |
| 14:50 | Build | Farm |
| 14:50 | Build | Farm |
| 15:10 | Queue | Scout Cavalry |
| 15:13 | Queue | Villager (Male) |
| 15:23 | Queue | Scout Cavalry |
| 15:39 | Queue | Villager (Male) |
| 15:40 | Queue | Villager (Male) |
| 16:21 | Queue | Scout Cavalry |
| 16:22 | Queue | Villager (Male) |
| 16:38 | Build | House |
| 16:40 | Build | House |
| 16:42 | Queue | Villager (Male) |
| 17:11 | Research | Wheelbarrow |
| 17:44 | Queue | Villager (Male) |
| 17:45 | Queue | Scout Cavalry |
| 17:46 | Queue | Scout Cavalry |
| 18:08 | Build | Mining Camp |
| 18:35 | Queue | Scout Cavalry |
| 18:42 | Build | Stable |
| 18:44 | Queue | Villager (Male) |
| 18:50 | Queue | Scout Cavalry |
| 18:50 | Queue | Scout Cavalry |
| 19:06 | Queue | Villager (Male) |
| 19:11 | Research | Gold Mining |
| 19:53 | Queue | Scout Cavalry |
| 19:57 | Research | Bloodlines |
| 20:02 | Build | Blacksmith |
| 20:14 | Queue | Villager (Male) |
| 20:15 | Build | House |
| 20:19 | Build | House |
| 20:20 | Build | House |
| 20:21 | Build | House |
| 20:44 | Queue | Villager (Male) |
| 20:49 | Queue | Villager (Male) |
| 20:50 | Research | Forging |
| 21:17 | Queue | Scout Cavalry |
| 21:21 | Queue | Scout Cavalry |
| 21:21 | Queue | Scout Cavalry |
| 21:32 | Queue | Scout Cavalry |
| 21:35 | Research | Castle Age |
| 21:58 | Queue | Scout Cavalry |
| 21:58 | Queue | Scout Cavalry |
| 21:59 | Queue | Villager (Male) |
| 22:01 | Build | House |
| 22:02 | Build | House |
| 22:10 | Build | Farm |
| 22:11 | Build | Farm |
| 22:35 | Build | Stable |
| 22:40 | Build | House |
| 22:41 | Build | House |
| 22:48 | Build | Farm |
| 22:51 | Queue | Scout Cavalry |
| 22:52 | Queue | Scout Cavalry |
| 23:07 | Build | Barracks |
| 23:21 | Build | Barracks |
| 23:36 | Queue | Scout Cavalry |
| 23:36 | Queue | Scout Cavalry |
| 23:37 | Queue | Scout Cavalry |
| 23:38 | Queue | Scout Cavalry |
| 23:53 | Queue | Scout Cavalry |
| 23:54 | Queue | Scout Cavalry |
| 23:55 | Queue | Villager (Male) |
| 24:15 | Age | Castle Age |
| 24:18 | Research | Light Cavalry (upgrade) |
| 24:19 | Research | Husbandry |
| 24:46 | Queue | Villager (Male) |
| 25:01 | Queue | Villager (Male) |
| 25:01 | Build | Farm |
| 25:04 | Build | Farm |
| 25:11 | Build | Market |
| 25:15 | Build | Monastery |
| 25:21 | Queue | Scout Cavalry |
| 25:21 | Queue | Scout Cavalry |
| 25:21 | Queue | Scout Cavalry |
| 25:41 | Queue | Knight |
| 25:41 | Queue | Knight |
| 25:41 | Queue | Knight |
| 25:54 | Build | Town Center |
| 26:03 | Queue | Villager (Male) |
| 26:09 | Queue | Villager (Male) |
| 26:15 | Queue | Knight |
| 26:47 | Queue | Scout Cavalry |
| 26:47 | Queue | Scout Cavalry |
Build order — damiansima
First 150 of 228 actions detected
| 0:01 | Queue | Villager (Male) |
| 0:01 | Queue | Villager (Male) |
| 0:02 | Queue | Villager (Male) |
| 0:03 | Build | House |
| 0:05 | Build | House |
| 0:30 | Queue | Villager (Male) |
| 0:31 | Queue | Villager (Male) |
| 1:11 | Queue | Villager (Male) |
| 1:12 | Queue | Villager (Male) |
| 1:12 | Queue | Villager (Male) |
| 1:33 | Build | Lumber Camp |
| 1:54 | Build | House |
| 2:06 | Queue | Villager (Male) |
| 2:06 | Queue | Villager (Male) |
| 2:06 | Queue | Villager (Male) |
| 2:10 | Build | House |
| 2:27 | Queue | Villager (Male) |
| 2:27 | Queue | Villager (Male) |
| 2:47 | Queue | Villager (Male) |
| 3:29 | Queue | Villager (Male) |
| 3:29 | Queue | Villager (Male) |
| 3:49 | Queue | Villager (Male) |
| 3:50 | Queue | Villager (Male) |
| 4:13 | Queue | Villager (Male) |
| 4:13 | Queue | Villager (Male) |
| 4:23 | Queue | Villager (Male) |
| 4:38 | Queue | Villager (Male) |
| 4:38 | Queue | Villager (Male) |
| 5:34 | Queue | Villager (Male) |
| 5:34 | Queue | Villager (Male) |
| 5:34 | Queue | Villager (Male) |
| 5:58 | Queue | Villager (Male) |
| 5:58 | Queue | Villager (Male) |
| 5:58 | Queue | Villager (Male) |
| 6:07 | Build | Mill |
| 6:45 | Queue | Villager (Male) |
| 6:46 | Queue | Villager (Male) |
| 7:02 | Queue | Villager (Male) |
| 8:03 | Research | Feudal Age |
| 8:04 | Research | Loom |
| 8:46 | Build | Barracks |
| 9:09 | Build | House |
| 9:32 | Build | Mill |
| 10:13 | Age | Feudal Age |
| 10:20 | Build | Stable |
| 10:42 | Queue | Villager (Male) |
| 10:42 | Queue | Villager (Male) |
| 10:42 | Queue | Villager (Male) |
| 10:43 | Queue | Villager (Male) |
| 10:56 | Research | Double-Bit Axe |
| 10:57 | Research | Horse Collar |
| 11:06 | Build | Blacksmith |
| 11:17 | Queue | Scout Cavalry |
| 11:19 | Queue | Villager (Male) |
| 11:28 | Queue | Villager (Male) |
| 11:28 | Queue | Villager (Male) |
| 11:34 | Build | Farm |
| 11:38 | Build | House |
| 11:53 | Queue | Villager (Male) |
| 11:55 | Build | Farm |
| 12:00 | Queue | Villager (Male) |
| 12:10 | Build | House |
| 12:17 | Queue | Scout Cavalry |
| 12:23 | Research | Scale Barding Armor |
| 12:24 | Research | Forging |
| 12:28 | Queue | Villager (Male) |
| 12:30 | Build | Farm |
| 12:35 | Build | Farm |
| 12:49 | Build | House |
| 12:53 | Build | House |
| 13:05 | Queue | Villager (Male) |
| 13:05 | Queue | Villager (Male) |
| 13:20 | Queue | Scout Cavalry |
| 13:39 | Queue | Scout Cavalry |
| 13:40 | Queue | Spearman |
| 13:44 | Build | Farm |
| 13:49 | Build | House |
| 13:50 | Build | House |
| 14:03 | Build | Palisade Wall |
| 14:04 | Build | Palisade Wall |
| 14:07 | Build | House |
| 14:28 | Queue | Scout Cavalry |
| 14:41 | Build | House |
| 14:49 | Build | House |
| 14:51 | Build | House |
| 14:52 | Build | Palisade Wall |
| 15:02 | Build | Watch Tower |
| 15:10 | Build | Farm |
| 15:11 | Build | Farm |
| 15:12 | Build | Farm |
| 15:13 | Build | Farm |
| 15:14 | Build | Farm |
| 15:14 | Queue | Villager (Male) |
| 15:14 | Queue | Villager (Male) |
| 15:18 | Queue | Scout Cavalry |
| 15:18 | Queue | Scout Cavalry |
| 15:20 | Build | House |
| 15:22 | Build | House |
| 15:42 | Build | House |
| 15:48 | Queue | Scout Cavalry |
| 16:02 | Build | House |
| 16:08 | Queue | Villager (Male) |
| 16:18 | Build | House |
| 16:22 | Build | House |
| 16:24 | Build | Palisade Wall |
| 16:49 | Queue | Villager (Male) |
| 17:05 | Build | Farm |
| 17:06 | Build | Farm |
| 17:08 | Build | Farm |
| 17:20 | Queue | Villager (Male) |
| 17:32 | Build | Farm |
| 17:33 | Build | Farm |
| 17:34 | Queue | Villager (Male) |
| 17:40 | Queue | Villager (Male) |
| 17:43 | Build | Farm |
| 17:45 | Build | Farm |
| 17:46 | Build | Farm |
| 17:47 | Queue | Villager (Male) |
| 17:50 | Queue | Villager (Male) |
| 17:53 | Build | House |
| 18:04 | Queue | Villager (Male) |
| 18:06 | Build | Farm |
| 18:07 | Build | Farm |
| 18:08 | Build | Farm |
| 18:14 | Build | Farm |
| 18:15 | Build | Farm |
| 18:16 | Queue | Villager (Male) |
| 18:18 | Build | Farm |
| 18:21 | Queue | Villager (Male) |
| 18:23 | Queue | Scout Cavalry |
| 18:27 | Build | Farm |
| 18:28 | Build | Farm |
| 18:29 | Build | Farm |
| 18:32 | Build | Farm |
| 18:32 | Build | Farm |
| 18:39 | Queue | Villager (Male) |
| 18:39 | Queue | Villager (Male) |
| 18:43 | Build | Farm |
| 18:44 | Build | Farm |
| 18:48 | Build | House |
| 18:51 | Queue | Villager (Male) |
| 19:07 | Queue | Scout Cavalry ×3 |
| 19:07 | Queue | Scout Cavalry ×3 |
| 19:11 | Build | Mining Camp |
| 19:30 | Build | Palisade Wall |
| 19:31 | Build | Palisade Wall |
| 19:45 | Queue | Villager (Male) |
| 19:46 | Queue | Villager (Male) |
| 19:51 | Build | House |
| 20:00 | Build | House |
Build order — Codiman
First 150 of 247 actions detected
| 0:03 | Queue | Villager (Male) |
| 0:03 | Queue | Villager (Male) |
| 0:03 | Queue | Villager (Male) |
| 0:05 | Build | House |
| 0:08 | Build | House |
| 0:09 | Queue | Villager (Male) |
| 1:20 | Queue | Villager (Male) |
| 1:21 | Queue | Villager (Male) |
| 1:21 | Queue | Villager (Male) |
| 1:32 | Build | Mill |
| 2:10 | Queue | Villager (Male) |
| 2:10 | Queue | Villager (Male) |
| 2:11 | Queue | Villager (Male) |
| 2:32 | Queue | Villager (Male) |
| 2:33 | Queue | Villager (Male) |
| 2:33 | Queue | Villager (Male) |
| 2:33 | Queue | Villager (Male) |
| 3:08 | Queue | Villager (Male) |
| 3:08 | Queue | Villager (Male) |
| 3:08 | Queue | Villager (Male) |
| 3:31 | Queue | Villager (Male) |
| 4:18 | Queue | Villager (Male) |
| 4:18 | Queue | Villager (Male) |
| 4:20 | Queue | Villager (Male) |
| 4:20 | Queue | Villager (Male) |
| 4:49 | Build | House |
| 4:50 | Build | House |
| 5:01 | Research | Loom |
| 5:19 | Queue | Villager (Male) |
| 5:19 | Queue | Villager (Male) |
| 5:29 | Queue | Villager (Male) |
| 5:29 | Queue | Villager (Male) |
| 5:57 | Queue | Villager (Male) |
| 5:57 | Queue | Villager (Male) |
| 5:58 | Queue | Villager (Male) |
| 5:58 | Queue | Villager (Male) |
| 6:01 | Queue | Villager (Male) |
| 6:01 | Queue | Villager (Male) |
| 6:01 | Queue | Villager (Male) |
| 6:36 | Queue | Villager (Male) |
| 6:50 | Queue | Villager (Male) |
| 6:54 | Build | Lumber Camp |
| 7:42 | Research | Feudal Age |
| 8:53 | Queue | Villager (Male) |
| 8:53 | Queue | Villager (Male) |
| 9:35 | Build | Mining Camp |
| 10:06 | Age | Feudal Age |
| 10:09 | Build | Barracks |
| 10:33 | Build | Mill |
| 10:55 | Build | House |
| 11:02 | Queue | Villager (Male) |
| 11:40 | Build | Archery Range |
| 12:22 | Queue | Archer |
| 12:22 | Queue | Archer |
| 12:22 | Queue | Archer |
| 12:34 | Queue | Archer |
| 12:34 | Queue | Archer |
| 12:47 | Queue | Spearman |
| 12:49 | Queue | Archer |
| 12:49 | Queue | Archer |
| 15:31 | Build | Farm |
| 16:19 | Build | Lumber Camp |
| 16:37 | Queue | Archer |
| 16:37 | Queue | Archer |
| 16:37 | Queue | Archer |
| 16:38 | Queue | Archer |
| 16:38 | Queue | Archer |
| 17:54 | Build | Town Center |
| 18:02 | Research | Double-Bit Axe |
| 20:01 | Queue | Villager (Male) |
| 20:02 | Queue | Villager (Male) |
| 20:02 | Queue | Villager (Male) |
| 20:02 | Queue | Villager (Male) |
| 20:02 | Queue | Villager (Male) |
| 20:15 | Build | Mining Camp |
| 20:22 | Build | Farm |
| 20:22 | Build | Farm |
| 20:22 | Build | Farm |
| 20:23 | Build | Farm |
| 20:23 | Build | Farm |
| 20:23 | Build | Farm |
| 20:23 | Build | Farm |
| 20:23 | Build | Farm |
| 20:24 | Build | Farm |
| 20:24 | Build | Farm |
| 20:24 | Build | Farm |
| 20:24 | Build | Farm |
| 20:25 | Build | Farm |
| 20:54 | Build | Farm |
| 20:55 | Build | Farm |
| 20:55 | Build | Farm |
| 20:55 | Build | Farm |
| 21:04 | Build | House |
| 21:06 | Queue | Villager (Male) |
| 21:07 | Queue | Villager (Male) |
| 21:11 | Build | House |
| 21:13 | Build | House |
| 21:45 | Build | Farm |
| 21:49 | Queue | Villager (Male) |
| 21:49 | Queue | Villager (Male) |
| 21:51 | Queue | Villager (Male) |
| 21:58 | Queue | Villager (Male) |
| 21:58 | Queue | Villager (Male) |
| 22:03 | Queue | Villager (Male) |
| 22:08 | Queue | Villager (Male) |
| 22:08 | Queue | Villager (Male) |
| 22:25 | Queue | Villager (Male) |
| 22:34 | Build | House |
| 22:35 | Queue | Villager (Male) |
| 22:40 | Queue | Villager (Male) |
| 22:41 | Queue | Villager (Male) |
| 22:41 | Queue | Villager (Male) |
| 22:43 | Queue | Villager (Male) |
| 22:44 | Queue | Villager (Male) |
| 22:45 | Queue | Villager (Male) |
| 22:45 | Queue | Villager (Male) |
| 22:54 | Queue | Villager (Male) |
| 23:00 | Build | Farm |
| 23:00 | Build | Farm |
| 23:00 | Build | Farm |
| 23:00 | Build | Farm |
| 23:00 | Build | Farm |
| 23:06 | Queue | Villager (Male) |
| 23:06 | Queue | Villager (Male) |
| 23:51 | Queue | Villager (Male) |
| 23:51 | Queue | Villager (Male) |
| 24:52 | Build | Archery Range |
| 24:59 | Queue | Villager (Male) |
| 24:59 | Queue | Villager (Male) |
| 25:21 | Build | Archery Range |
| 25:24 | Queue | Villager (Male) |
| 25:52 | Build | Lumber Camp |
| 25:55 | Queue | Villager (Male) |
| 26:04 | Queue | Villager (Male) |
| 26:22 | Build | House |
| 26:24 | Build | House |
| 26:25 | Build | House |
| 26:40 | Research | Wheelbarrow |
| 26:44 | Build | Farm |
| 26:45 | Build | Farm |
| 26:45 | Build | Farm |
| 26:45 | Build | Farm |
| 26:45 | Build | Farm |
| 26:45 | Build | Farm |
| 26:46 | Build | Farm |
| 26:46 | Build | Farm |
| 26:47 | Build | Farm |
| 26:47 | Build | Farm |
| 26:48 | Build | Farm |
| 26:48 | Build | Farm |
Match timeline
| 4:04 | TimewornFish891 · wall_segment Palisade Wall x1 |
| 4:05 | TimewornFish891 · wall_segment Palisade Wall x1 |
| 4:06 | TimewornFish891 · wall_segment Palisade Wall x1 |
| 5:11 | TimewornFish891 · wall_segment Palisade Wall x1 |
| 5:12 | TimewornFish891 · wall_segment Palisade Wall x1 |
| 6:11 | TimewornFish891 · wall_segment Palisade Wall x3 |
| 7:21 | Dadagama · first_building Barracks |
| 7:27 | the_Mandalorian · first_building Barracks |
| 7:27 | .Bast · first_building Barracks |
| 8:46 | damiansima · first_building Barracks |
| 8:51 | .Bast · age_up feudal |
| 8:56 | .Bast · first_building Archery Range |
| 9:05 | the_Mandalorian · age_up feudal |
| 9:09 | the_Mandalorian · first_building Stable |
| 9:14 | Dadagama · age_up feudal |
| 9:20 | Dadagama · first_building Stable |
| 10:06 | Codiman · age_up feudal |
| 10:09 | Codiman · first_building Barracks |
| 10:11 | HIX | Milongo · age_up feudal |
| 10:13 | damiansima · age_up feudal |
| 10:16 | HIX | Milongo · first_building Stable |
| 10:20 | damiansima · first_building Stable |
| 10:32 | Aspirante · wall_segment Palisade Wall x2 |
| 10:34 | Aspirante · wall_segment Palisade Wall x2 |
| 10:43 | Aspirante · wall_segment Palisade Wall x1 |
| 11:02 | TimewornFish891 · age_up feudal |
| 11:39 | Aspirante · wall_segment Palisade Wall x1 |
| 11:40 | Codiman · first_building Archery Range |
| 12:38 | Aspirante · wall_segment Palisade Wall x1 |
| 12:44 | TimewornFish891 · first_market_buy 100 food |
| 12:46 | TimewornFish891 · first_market_sell 100 stone |
| 12:49 | .Bast · wall_segment Palisade Wall x13 |
| 13:04 | the_Mandalorian · wall_segment Stone Wall x13 |
| 14:03 | damiansima · wall_segment Palisade Wall x1 |
| 14:04 | damiansima · wall_segment Palisade Wall x1 |
| 14:21 | TimewornFish891 · first_building Barracks |
| 14:52 | damiansima · wall_segment Palisade Wall x1 |
| 15:38 | the_Mandalorian · wall_segment Stone Wall x12 |
| 15:43 | TimewornFish891 · first_building Stable |
| 15:55 | HIX | Milongo · first_market_sell 500 stone |
| 15:57 | HIX | Milongo · first_market_buy 500 wood |
| 16:13 | HIX | Milongo · tribute_sent a jugador 1 |
| 16:13 | HIX | Milongo · tribute_sent a jugador 2 |
| 16:13 | HIX | Milongo · tribute_sent a jugador 3 |
| 16:13 | HIX | Milongo · tribute_sent a jugador 4 |
| 16:13 | HIX | Milongo · tribute_sent a jugador 5 |
| 16:13 | HIX | Milongo · tribute_sent a jugador 7 |
| 16:13 | HIX | Milongo · tribute_sent a jugador 8 |
| 16:24 | damiansima · wall_segment Palisade Wall x1 |
| 16:52 | TimewornFish891 · age_up castle |
| 17:02 | TimewornFish891 · first_building Castle |
| 17:11 | .Bast · wall_segment Stone Wall x7 |
| 17:14 | .Bast · wall_segment Stone Wall x33 |
| 17:24 | .Bast · first_market_buy 100 food |
| 17:57 | .Bast · first_market_sell 100 wood |
| 18:01 | Aspirante · wall_segment Palisade Wall x1 |
| 18:04 | Aspirante · wall_segment Palisade Wall x1 |
| 19:30 | damiansima · wall_segment Palisade Wall x11 |
| 19:31 | damiansima · wall_segment Palisade Wall x3 |
| 20:04 | Aspirante · wall_segment Palisade Wall x32 |
| 20:40 | Dadagama · age_up castle |
| 20:40 | Aspirante · wall_segment Palisade Wall x1 |
| 20:42 | Aspirante · wall_segment Palisade Wall x1 |
| 20:44 | Aspirante · wall_segment Palisade Wall x1 |
| 21:15 | damiansima · wall_segment Palisade Wall x1 |
| 21:38 | TimewornFish891 · first_building Siege Workshop |
| 22:32 | .Bast · age_up castle |
| 23:07 | HIX | Milongo · first_building Barracks |
| 23:21 | Dadagama · wall_segment Stone Wall x1 |
| 24:15 | HIX | Milongo · age_up castle |
| 25:15 | HIX | Milongo · first_building Monastery |
| 26:40 | damiansima · age_up castle |
| 27:07 | .Bast · first_building Siege Workshop |
| 27:33 | .Bast · first_building Monastery |
| 28:36 | Aspirante · wall_segment Palisade Wall x11 |
| 29:15 | .Bast · first_building Castle |
| 29:15 | Aspirante · wall_segment Palisade Wall x1 |
| 29:18 | Aspirante · wall_segment Palisade Wall x1 |
| 29:25 | the_Mandalorian · age_up castle |
| 29:27 | Aspirante · wall_segment Palisade Wall x1 |
| 30:42 | TimewornFish891 · resign |
| 30:47 | .Bast · wall_segment Stone Wall x8 |
| 31:50 | Aspirante · age_up feudal |
| 31:57 | Codiman · age_up castle |
| 32:49 | Aspirante · first_market_sell 500 stone |
| 32:52 | Aspirante · first_market_buy 100 food |
[ AI ANALYSIS · 1 CREDIT ]
What really happened in this match?
Wolo.gg analyzes every decision: build order, eco, micro, common mistakes by bracket. Personalized analysis on WhatsApp or Discord in 30 seconds.
Civ guide
Ethiopians
Perfil
Jugador #11719681